 Dungeon Sprint DCSS version bcrawl-1.18.1 (webtiles) character file.

Game seed: 109659241657080588

11445 Freyura the Protected (level 11, -2/80 HPs)
             Began as a Gargoyle Fighter on Nov 4, 2019.
             Was the Champion of the Shining One.
             Killed by the air
             ... invoked by a spriggan air mage
              (25 damage)
             ... in the Dungeon (Sprint V: "Ziggurat Sprint").
             The game lasted 00:11:17 (574 turns).

Freyura the Protected (Gargoyle Fighter)             Turns: 574, Time: 00:11:18

Health: -2/80      AC: 36    Str: 21    XL:     11   Next: 77%
Magic:  3/21       EV:  0    Int: 11    God:    the Shining One [******]
Gold:   0          SH: 43    Dex: 18    Spells: 10/10 levels left

rFire    + . .     SeeInvis .   S - +7 sacred scourge (holy)
rCold    + . .     Gourm    .   G - +18 shield of the Gong {rElec rN+ MR+ EV-5}
rNeg     + + +     Faith    .   T - +5 gold dragon scales
rPois    ∞         Spirit   .   (no helmet)
rElec    +         Reflect  .   D - +0 cloak {rPois}
rCorr    +         Harm     .   C - +0 pair of gloves of Amorality {*Contam rElec Regen+ Int+3}
MR       +....     NoTele   +   (no boots)
Stlth    ..........             (no amulet)
HPRegen  0.63/turn              v - +6 ring of dexterity
MPRegen  0.17/turn              l - ring of resist corrosion

@: divine shield, glowing, studying Summonings
A: negative energy resistance 1, electricity resistance, unbreathing,
petrification resistance, rot immunity, AC +8
a: Divine Shield, Cleansing Flame, Summon Divine Warrior, Renounce Religion


You were in the Dungeon.
You worshipped the Shining One.
The Shining One was exalted by your worship.
You were not hungry.

You visited 1 branch

Inventory:

Hand Weapons
 w - the +3 great mace "Xuzilem" {venom, MR- MP+9 Dex+6}
   (You found it in the Dungeon)

   It poisons the flesh of those it strikes.
   It affects your dexterity (+6).
   It affects your resistance to hostile enchantments.
   It affects your magic capacity (+9).
 E - the +9 shortbow of Demonkind {flame, rPois}
   (You found it in the Dungeon)

   It causes projectiles fired from it to burn those they strike, causing extra
   injury to most foes and up to half again as much damage against particularly
   susceptible opponents.
   It protects you from poison.
 I - the +10 fustibalus "Ettimos" {venom, rC++ Dex+2}
   (You found it in the Dungeon)

   It poisons the ammo it fires.
   It affects your dexterity (+2).
   It greatly protects you from cold.
 J - the +6 shillelagh "Devastator" {shatter}
   (You found it in the Dungeon)
 S - a +7 sacred scourge of holy wrath (weapon)
Armour
 C - the +0 pair of gloves of Amorality (worn) {*Contam rElec Regen+ Int+3}
   (You found it in the Dungeon)

   It affects your intelligence (+3).
   It insulates you from electricity.
   It causes magical contamination when unequipped.
   It increases your rate of regeneration.
 D - a +0 cloak of poison resistance (worn)
 G - the +18 shield of the Gong (worn) {rElec rN+ MR+ EV-5}
   (You found it in the Dungeon)

   It affects your evasion (-5).
   It insulates you from electricity.
   It protects you from negative energy.
   It affects your resistance to hostile enchantments.
 T - +5 gold dragon scales (worn)
Jewellery
 l - a ring of resist corrosion (right hand)
 v - a +6 ring of dexterity (left hand)
 A - a +6 ring of strength
 F - the ring "Gaoruogi" {Wiz +Inv}
   (You took it off an entropy weaver in the Dungeon)

   [ring of wizardry]

   It improves your spell success rate.
   It lets you turn invisible.
 H - an uncursed ring of ice
Wands
 s - a wand of disintegration (7)
 t - a wand of iceblast (3)
 u - a wand of acid (7)
Scrolls
 k - 4 scrolls of blinking
 n - 4 scrolls of amnesia
 o - 7 scrolls of fog
 p - 5 scrolls of identify
 q - 5 scrolls of remove curse
 r - 2 scrolls of fear
Potions
 a - 2 potions of brilliance
 b - 2 potions of invisibility
 c - 4 potions of resistance
 d - 6 potions of might
 e - 10 potions of curing
 g - 10 potions of heal wounds
 h - 6 potions of haste
 i - 7 potions of magic
 j - 3 potions of berserk rage
 m - 5 potions of agility
Books
 y - a manual of Summonings
Miscellaneous
 x - a phial of floods
 z - a lamp of fire
 B - a lightning rod (4/4)
Comestibles
 f - 7 rations {!d}


   Skills:
 + Level 14.3 Fighting
 + Level 13.1 Maces & Flails
 + Level 14.7 Armour
 + Level 13.8 Shields
 + Level 13.4 Invocations


You had 10 spell levels left.
You didn't know any spells.
Your spell library contained the following spells:

 Spells                   Type           Power        Failure   Level  Hunger
 Blink Other              Tloc           #.....       100%        1    ##.....
 Bolt of Magma            Conj/Fire/Erth #.........   100%        5    ######.
 Lee's Rapid Deconstruct  Erth           #.........   100%        5    ######.
 Shatter                  Erth           #.........   100%        9    #######


Dungeon Overview and Level Annotations

Branches:
Dungeon (1/1)

Altars:
Ashenzari
Cheibriados
Dithmenos
Elyvilon
Fedhas
Gozag
Hepliaklqana
Kikubaaqudgha
Lugonu
Makhleb
Nemelex Xobeh
Okawaru
Qazlal
Ru
Sif Muna
Trog
Uskayaw
Vehumet
Wu Jian
Xom
Yredelemnul
Zin
The Shining One
Beogh
Jiyva


Innate Abilities, Weirdness & Mutations

You are resistant to torment.
Your stone body is resilient. (AC +8)
You are immune to poison.
You resist negative energy. (rN+)
You are resistant to electric shocks. (rElec)
You can survive without breathing.
You are immune to petrification.
You are immune to rotting.


Message History

Your daeva blocks the anaconda's attack.
The anaconda constricts your daeva.
You whack the thorn hunter!
The thorn hunter is heavily damaged.
Your daeva calls down the wrath of the Shining One upon the death yak.
The death yak is smitten.
The anaconda completely misses your angel.
The anaconda barely misses your angel.
You whack the thorn hunter!
The thorn hunter is severely damaged.
The anaconda bites your daeva. The anaconda constricts your daeva.
The death yak rages.
The death yak gores your angel!!
Your angel hits the thorn hunter with a +3 whip of holy wrath!
Your angel hits the thorn hunter with a +3 whip of holy wrath.
You block the spriggan berserker's attack.
PTOANNNG!
The spriggan air mage waves its arms in wide circles.
The air twists around and strikes you!!
You die...

▓..:}.)|..▓.
▓..))):)..▓....})...▓.
▓.........▓.........▓.
.........▓.........▓.
▓ ....... ▓.........▓.
▓.


iiYYi .▓...†††...▓. ▓..▓SYi▓Y.▓...†.†...▓. ▓.▓YAfAS▓.▓.▓.....▓.▓.
▓...Y@i...▓....©....▓▓ ▓▓▓▓▓▓▓▓▓▓▓▓▓▓▓▓▓▓▓▓▓ You could see an apis, a dire
elephant, a thorn hunter, 3 death yaks, an elephant (berserk), 2 anacondas, 3
spriggan berserkers, 2 spriggan air magi, a friendly daeva and a friendly angel.

Vanquished Creatures
  An entropy weaver (D)
  A spriggan air mage (D)
  2 death scarabs (D)
  An orb spider (D)
  4 wolf spiders (D)
  4 ugly things (D)
  A demonic crawler (D)
  5 rime drakes (D)
  A guardian mummy (D)
  A jumping spider (D)
  3 merfolk (D)
  2 redbacks (D)
  2 flying skulls (D)
  2 wyverns (D)
  An ushabti (D)
  2 neqoxecs (D)
  A golden eye (D)
  3 steam dragons (D)
  An acid dragon (D)
  A hell hound (D)
  2 water moccasins (D)
  2 swamp drakes (D)
  An eye of draining (D)
  2 jellies (D)
  2 mummies (D)
  6 adders (D)
  A white imp (D)
  An ooze (D)
  2 ball pythons (D)
58 creatures vanquished.

Vanquished Creatures (others)
  A spatial maelstrom (D)
  A small abomination (D)
  A crimson imp (D)
  2 iron imps (D)
  2 shadow imps (D)
  A white imp (D)
8 creatures vanquished.

Grand Total: 66 creatures vanquished

Notes
Turn   | Place    | Note
-------+----------+-------------------------------------------
     0 | D        | Freyura the Gargoyle Fighter began the quest for the Orb.
     0 | D        | Reached XP level 1. HP: 14/14 MP: 1/1
    13 | D        | Found a shimmering blue altar of Sif Muna.
    13 | D        | Found a bloodstained altar of Trog.
    13 | D        | Found a sacrificial altar of Ru.
    13 | D        | Found a stormy altar of Qazlal.
    13 | D        | Found an iron altar of Okawaru.
    14 | D        | Found a sparkling altar of Nemelex Xobeh.
    14 | D        | Found a blossoming altar of Fedhas.
    15 | D        | Found the +6 Majin-Bo {vamp, *Drain Str+12 Int+24}
    15 | D        | Found the +7 great mace "Firestarter" {inner flame, rF++}
    16 | D        | Found a transporter.
    16 | D        | Found an ancient bone altar of Kikubaaqudgha.
    16 | D        | Found a viscous altar of Jiyva.
    16 | D        | Found a corrupted altar of Lugonu.
    16 | D        | Found a hazy altar of Hepliaklqana.
    16 | D        | Found a burning altar of Makhleb.
    16 | D        | Found an opulent altar of Gozag.
    18 | D        | Banished a spatial maelstrom
    35 | D        | Found the +9 heavy crossbow "Sniper" {velocity, Acc+∞ SInv}
    35 | D        | Found the +10 dark maul {crush}
    35 | D        | Found the +15 Maxwell's patent armour {-Cast -Tele rElec
                  | MR+ rCorr}
    35 | D        | Found the +18 shield of the Gong {rElec rN+ MR+ EV-5}
    35 | D        | Found the cursed +14 obsidian axe {chop, +Fly SInv *Curse}
    37 | D        | Found the +6 shillelagh "Devastator" {shatter}
    37 | D        | Found the +11 plutonium sword {*Contam Stlth-}
    37 | D        | Found the +8 lance "Wyrmbane" {slay drac, rPois rF+ rC+
                  | AC+3}
    37 | D        | Found the +9 sword of Zonguldrok {reap}
    37 | D        | Found the cursed +13 scythe of Curses {drain, *Curse}
    37 | D        | Found the +0 sword of Power
    37 | D        | Found the +7 mace of Variability {chain chaos}
    37 | D        | Found the +7 Singing Sword {slice}
    37 | D        | Found the +7 longbow "Piercer" {penet, EV-2}
    71 | D        | Became a worshipper of the Shining One
   122 | D        | Reached skill level 5 in Fighting
   122 | D        | Reached XP level 2. HP: 21/21 MP: 2/2
   130 | D        | Entered arena 2.
   130 | D        | Noticed a hell hound
   130 | D        | Reached * piety under the Shining One
   130 | D        | Found a transporter.
   131 | D        | Found the +3 giant club "Skullcrusher" {speed, Str+7}
   132 | D        | Killed a hell hound
   132 | D        | Reached skill level 5 in Maces & Flails
   132 | D        | Reached XP level 3. HP: 28/28 MP: 2/5
   132 | D        | Reached XP level 4. HP: 32/32 MP: 2/6
   133 | D        | Reached XP level 5. HP: 37/37 MP: 2/7
   141 | D        | Entered arena 3.
   141 | D        | Noticed a merfolk
   141 | D        | Reached ** piety under the Shining One
   141 | D        | Noticed a merfolk
   141 | D        | Noticed a merfolk
   141 | D        | Found a transporter.
   150 | D        | Killed a merfolk
   150 | D        | Reached skill level 5 in Invocations
   150 | D        | Reached XP level 6. HP: 20/44 MP: 3/10
   151 | D        | Killed a merfolk
   151 | D        | Reached XP level 7. HP: 23/50 MP: 4/11
   154 | D        | Killed a merfolk
   311 | D        | Entered arena 4.
   311 | D        | Noticed a steam dragon
   311 | D        | Noticed a rime drake
   311 | D        | Noticed a steam dragon
   311 | D        | Reached *** piety under the Shining One
   311 | D        | Noticed a rime drake
   311 | D        | Found a transporter.
   314 | D        | Killed a steam dragon
   314 | D        | Reached skill level 10 in Armour
   314 | D        | Reached XP level 8. HP: 56/56 MP: 13/13
   315 | D        | Killed a rime drake
   315 | D        | Killed a rime drake
   315 | D        | Reached skill level 10 in Fighting
   325 | D        | Entered arena 5.
   325 | D        | Found a transporter.
   332 | D        | Got the +3 great mace "Xuzilem" {venom, MR- MP+9 Dex+6}
   346 | D        | Entered arena 6.
   346 | D        | Found a transporter.
   354 | D        | Reached XP level 9. HP: 63/63 MP: 8/15
   370 | D        | Entered arena 7.
   370 | D        | Reached **** piety under the Shining One
   371 | D        | Found a transporter.
   375 | D        | Reached skill level 10 in Shields
   385 | D        | Entered arena 8.
   385 | D        | Noticed a green ugly thing
   385 | D        | Reached ***** piety under the Shining One
   385 | D        | Noticed a brown ugly thing
   385 | D        | Noticed a brown ugly thing
   385 | D        | Noticed a brown ugly thing
   395 | D        | Killed a brown ugly thing
   395 | D        | Reached skill level 10 in Maces & Flails
   399 | D        | Reached skill level 10 in Invocations
   399 | D        | Killed a red ugly thing
   399 | D        | Killed a red ugly thing
   399 | D        | Reached XP level 10. HP: 71/71 MP: 8/17
   402 | D        | Killed a white ugly thing
   408 | D        | Found a transporter.
   418 | D        | Entered arena 9.
   418 | D        | Reached ****** piety under the Shining One
   419 | D        | Identified a +7 sacred scourge of holy wrath (a +5 demon
                  | whip of protection blessed by the Shining One)
   419 | D        | Received a gift from the Shining One
   420 | D        | Found a transporter.
   427 | D        | Got the +0 pair of gloves of Amorality {*Contam rElec
                  | Regen+ Int+3}
   429 | D        | Got Mifeinwe's Catalogue of Dusty Dislocation
   445 | D        | Entered arena 10.
   445 | D        | Noticed a death scarab
   445 | D        | Noticed a death scarab
   446 | D        | Found a transporter.
   447 | D        | Killed a death scarab
   450 | D        | Killed a death scarab
   467 | D        | Entered arena 11.
   468 | D        | Found a transporter.
   485 | D        | Reached XP level 11. HP: 68/78 MP: 18/20
   516 | D        | Entered arena 12.
   516 | D        | Noticed an orb spider
   516 | D        | Noticed a wolf spider
   517 | D        | Noticed a wolf spider
   517 | D        | Noticed a wolf spider
   517 | D        | Identified the ring "Gaoruogi" {Wiz +Inv}
   517 | D        | Noticed an entropy weaver
   518 | D        | Found a transporter.
   518 | D        | Noticed a wolf spider
   522 | D        | Killed a wolf spider
   523 | D        | Killed a wolf spider
   527 | D        | Killed a wolf spider
   529 | D        | Killed a wolf spider
   530 | D        | Killed an entropy weaver
   540 | D        | Killed an orb spider
   542 | D        | Got the +9 shortbow of Demonkind {flame, rPois}
   557 | D        | Got the +10 fustibalus "Ettimos" {venom, rC++ Dex+2}
   562 | D        | Entered arena 13.
   562 | D        | Noticed a spriggan air mage
   562 | D        | Noticed an apis
   562 | D        | Noticed a spriggan berserker
   562 | D        | Noticed a dire elephant
   562 | D        | Noticed a thorn hunter
   562 | D        | Noticed a spriggan air mage
   562 | D        | Noticed an anaconda
   563 | D        | Noticed an anaconda
   563 | D        | Identified the cursed ring "Zowuph" {AC-2 Dex+3}
   563 | D        | Noticed a spriggan berserker
   563 | D        | Noticed a spriggan air mage
   565 | D        | Noticed a death yak
   565 | D        | Noticed a spriggan berserker
   566 | D        | Noticed a death yak
   566 | D        | Noticed a death yak
   571 | D        | Killed a spriggan air mage
   574 | D        | Killed from afar by a spriggan air mage

Skill      XL: |  1  2  3  4  5  6  7  8  9 10 11 |
---------------+----------------------------------+-----
Fighting       | 5 6 7 8 9 10 11 13 14 | 14.3
Maces & Flails | 4 5 6 7 8 9 10 11 13 | 13.1
Armour         | 6 7 8 9 10 11 12 13 14 | 14.7
Shields        | 4 6 7 8 9 11 12 13 | 13.8
Invocations    | 3 5 6 7 8 10 12 13 | 13.4

Action                   |  1- 3 |  4- 6 |  7- 9 | 10-12 || total
-------------------------+-------+-------+-------+-------++-------
Melee: Shillelagh        |     1 |     7 |    24 |    55 ||    87
       Sacred scourge    |       |       |       |     7 ||     7
Invok: Brand Weapon With |       |       |       |     1 ||     1
       Summon Divine War |       |       |       |     2 ||     2
       Divine Shield     |       |       |       |     1 ||     1
Evoke: Wand              |       |       |     3 |     1 ||     4
       Phial of floods   |       |       |     1 |       ||     1
  Use: Potion            |     1 |       |       |       ||     1
       Scroll            |       |       |     1 |       ||     1
Armor: Gold dragon scale |     1 |     4 |    16 |    47 ||    68
Dodge: Dodged            |       |       |       |     3 ||     3
Block: Shield            |       |    17 |    16 |   104 ||   137
